 Dungeon Crawl Stone Soup version 0.28-a0-1493-g08698888e4 (webtiles) character file.

Game seed: 11803193550696903642

627 croobank the Insei (level 7, -4/46 HPs)
             Began as an Octopode Transmuter on Jan 13, 2022.
             Engulfed by a steam dragon's steam (8 damage)
             ... on level 5 of the Dungeon.
             The game lasted 00:16:48 (4270 turns).

croobank the Insei (Octopode Transmuter)            Turns: 4270, Time: 00:16:48

Health: -4/46      AC:  8    Str: 11    XL:     7   Next: 48%
Magic:  10/12      EV: 14    Int: 15    God:
Gold:   114        SH:  0    Dex: 13    Spells: 7/13 levels left

rFire   . . .      SeeInvis .   a - +2 flail (protect)
rCold   . . .      Faith    .   (no shield)
rNeg    . . .      Spirit   .   (helmet currently unavailable)
rPois   .          Reflect  .   (no amulet)
rElec   .          Harm     .   (no ring)
rCorr   .          Rampage  .   (no ring)
Will    .....                   (no ring)
Stlth   ++........              (no ring)
HPRegen 0.15/turn               (no ring)
MPRegen 0.13/turn               (no ring)
                                (no ring)
                                (no ring)

@: appendages, wereblooded, under a protective aura
A: tentacle spike 3, almost no armour, amphibious, 8 rings, camouflage 1,
gelatinous body 1, (nimble swimmer 1), tentacles
a: End Transformation


You were on level 5 of the Dungeon.
One of your tentacles had grown a beastly spike.
You visited 1 branch of the dungeon, and saw 5 of its levels.

You collected 114 gold pieces.

Inventory:

Hand Weapons
 a - a +2 flail of protection (weapon)
 c - a +0 short sword
 r - a +1 whip of electrocution
Missiles
 b - 154 stones
 e - 26 poisoned darts (quivered)
 h - 77 sling bullets
 k - 16 arrows
 m - 26 bolts
Armour
 l - a +2 hat (melded)
 t - an orb of energy
Wands
 j - a wand of polymorph (5)
Scrolls
 d - a scroll of teleportation
 f - 2 scrolls of enchant armour {unknown}
 q - 2 scrolls of immolation
Potions
 g - 3 potions of cancellation
 i - a potion of resistance
 n - 3 potions of flight
 p - a potion of brilliance {unknown}
 s - a potion of heal wounds


   Skills:
 + Level 3.3 Fighting
 + Level 1.3 Maces & Flails
 + Level 3.8 Dodging
 - Level 4.2 Unarmed Combat
 + Level 3.6 Spellcasting
 + Level 1.3 Conjurations
 - Level 3.5 Transmutations
 + Level 1.4 Earth Magic


You had 7 spell levels left.
You knew the following spells:

 Your Spells              Type           Power      Damage    Failure   Level
a - Beastly Appendage     Tmut           26%        N/A       4%          1
b - Wereblood             Tmut           13%        N/A       7%          2
c - Stone Arrow           Conj/Erth      12%        3d7       32%         3

Your spell library contained the following spells:

 Spells                   Type           Power      Damage    Failure   Level
 Spider Form              Tmut/Pois      7%         N/A       28%         3
 Ice Form                 Ice/Tmut       7%         N/A       67%         4
 Lehudib's Crystal Spear  Conj/Erth      3%         10d2      100%        8
 Animate Armour           Summ/Erth      Unusable   N/A       N/A         4

Dungeon Overview and Level Annotations

Branches:
Dungeon (5/15)
 Temple: D:4-7

Altars:
Gozag
Uskayaw

Annotations:
D:3 1 runed translucent door, testman's ghost, amateur KoAM
D:4 1 runed translucent door, ThrustWizard's ghost, novice DsMo


Innate Abilities, Weirdness & Mutations

One of your tentacles has grown a beastly spike.
You cannot wear most types of armour.
You are amphibious.
You can wear up to eight rings at the same time.
Your skin changes colour to match your surroundings (Stealth+).
Your rubbery body absorbs attacks. (AC +1, EV +1)
((You are camouflaged when in or above water. (Stealth+)))
You have tentacles for arms and can constrict up to eight enemies at once.


Message History

You start resting.
HP restored.
You start waiting.
Done waiting.
You open the door.
Casting: Beastly Appendage (safe; 4% risk of failure)
Confirm with . or Enter, or press ? or * to list all spells.
One of your tentacles grows a vicious spike.
Your +2 hat melds into your body.
Casting: Beastly Appendage (safe; 4% risk of failure)
Confirm with . or Enter, or press ? or * to list all spells.
Your blood is infused with primal strength.
There is an open door here.
The helpless steam dragon fails to defend itself.
You hit the steam dragon.
Your weapon exudes an aura of protection.
You pierce the steam dragon.
You tentacle-slap the steam dragon.
The steam dragon is moderately wounded.
The steam dragon bites you but does no damage.
The steam dragon claws you.
You hit the steam dragon.
You pierce the steam dragon.
The steam dragon is heavily wounded.
The steam dragon breathes steam at you. The ball of steam hits you!
The steam dragon breathes steam at you. The ball of steam hits you!!
Ouch! That really hurt!
* * * LOW HITPOINT WARNING * * *
You hit the steam dragon.
Your tentacle spike misses the steam dragon.
The steam dragon is severely wounded.
You are engulfed in a cloud of scalding steam.
* * * LOW HITPOINT WARNING * * *
The steam dragon bites you but does no damage.
The steam dragon misses you.
You hit the steam dragon but do no damage.
You pierce the steam dragon.
The steam dragon is almost dead.
You are engulfed in a cloud of scalding steam.
You die...

#......# ## ###.####
+#.# #.# ###...##....
....## #.#
#......+.........'.
#.###......##.......##.
#...#.......# ..... #..
#.#.§.......####'####..
#.###§......#.......#..
#.# #$@....##.......##.
#.# #..D...'......)).'.
... ###...##.........##
#.# #+#.#...........#
#. ####.......###
#+#...#'# #####.# #
#†.# . #.## .


You could see a steam dragon.

Vanquished Creatures
  Sigmund (D:2)
  A water moccasin (D:5)
  A scorpion (D:5)
  An orc priest (D:2)
  A jelly (D:5)
  Terence (D:2)
  2 hound skeletons (D:4)
  4 gnolls (D:3)
  6 adders
  An ufetubus (D:4)
  An adder skeleton (D:4)
  3 worms (D:2)
  A dart slug (D:2)
  4 orcs
  2 ball pythons
  5 bats
  10 endoplasms
  5 giant cockroaches
  7 goblins
  8 hobgoblins
  8 jackals
  8 kobolds
  3 quokkas
  6 frilled lizards
  3 rats (D:3)
93 creatures vanquished.

Notes
Turn   | Place    | Note
-------+----------+-------------------------------------------
     0 | D:1      | croobank the Octopode Transmuter began the quest for the
                  | Orb.
     0 | D:1      | Reached XP level 1. HP: 13/13 MP: 3/3
    85 | D:1      | Reached XP level 2. HP: 18/18 MP: 3/5
    89 | D:1      | Learned a level 2 spell: Wereblood
   105 | D:1      | Found a faded altar of an unknown god.
   680 | D:2      | Noticed Terence
   696 | D:2      | Killed Terence
   697 | D:2      | Reached XP level 3. HP: 24/24 MP: 3/6
   864 | D:2      | Reached XP level 4. HP: 25/29 MP: 7/7
   952 | D:2      | Noticed Sigmund
   968 | D:2      | Killed Sigmund
   969 | D:2      | Reached XP level 5. HP: 18/35 MP: 5/9
  1234 | D:2      | Reached skill level 4 in Unarmed Combat
  1234 | D:2      | Reached XP level 6. HP: 30/41 MP: 7/10
  2059 | D:3      | HP: 1/41 [gnoll (5)]
  2533 | D:3      | Found a runed translucent door.
  2534 | D:3      | Noticed testman's ghost (amateur KoAM)
  2745 | D:4      | Found a hide-covered altar of Uskayaw.
  3235 | D:4      | Found an opulent altar of Gozag.
  3239 | D:4      | Found an opulent altar of Gozag.
  3239 | D:4      | Found an opulent altar of Gozag.
  3244 | D:4      | Found an opulent altar of Gozag.
  3328 | D:4      | Found a runed translucent door.
  3330 | D:4      | Noticed ThrustWizard's ghost (novice DsMo)
  3406 | D:4      | Reached XP level 7. HP: 46/46 MP: 10/12
  3513 | D:5      | Entered Level 5 of the Dungeon
  3761 | D:5      | Reached skill level 1 in Maces & Flails
  3761 | D:5      | Reached skill level 1 in Conjurations
  3761 | D:5      | Reached skill level 1 in Earth Magic
  3814 | D:5      | Noticed a two-headed ogre
  3819 | D:5      | Learned a level 3 spell: Stone Arrow
  3831 | D:5      | Noticed a steam dragon
  4270 | D:5      | Engulfed by a steam dragon's steam

Illustrated notes

Levels and vault maps discovered:
D:1:      sevenhm_arrival_forest_fort_small_3, layout_rooms,
          ebering_ecumenical_altar_petrified, st_stairs_3
D:2:      minmay_spotlight, layout_rooms, feat_on_display, uniq_sigmund,
          uniq_terence
D:3:      layout_rooms, ebering_ghost_inner_flame
D:4:      layout_loops_ring, nicolae_uskayaw_murder_on_the_dancefloor,
          nicolae_gozag_conspicuous_consumption, ebering_ghost_sewer_d,
          wad_rectangle_vault
D:5:      nicolae_cairo_tiling_very_big, layout_loops_cross,
          minmay_temple_entry_glass, gammafunk_ghost_necromancy, serial_shops,
          kennysheep_mini_moat

Skill      XL: |  1  2  3  4  5  6  7 |
---------------+----------------------+-----
Fighting       | 2 3 |  3.3
Dodging        | 3 |  3.8
Spellcasting   | 3 |  3.6
Transmutations | 3 |  3.5
Unarmed Combat | 4 |  4.2
Maces & Flails | 1 |  1.3
Conjurations   | 1 |  1.3
Earth Magic    | 1 |  1.4

Action                   |  1- 3 |  4- 6 |  7- 9 || total
-------------------------+-------+-------+-------++-------
Melee: Short sword       |    46 |    75 |       ||   121
       Constrict         |    16 |    38 |     2 ||    56
       Kick              |    13 |    41 |     7 ||    61
       Tentacles         |    11 |    34 |     3 ||    48
       Unarmed           |     2 |       |       ||     2
       Punch             |     1 |     4 |     2 ||     7
       Flail             |       |    41 |    18 ||    59
 Cast: Beastly Appendage |    14 |    28 |     3 ||    45
       Wereblood         |     1 |     2 |     1 ||     4
  Use: Scroll            |       |     4 |       ||     4
       Potion            |       |     2 |       ||     2
 Stab: Sleeping          |     4 |     7 |     2 ||    13
Armor: Skin              |       |     8 |     3 ||    11
Dodge: Dodged            |    25 |   103 |    18 ||   146

Table legend: (Time is in decaauts)
 A = Elapsed time spent in this place.
 B = Non-inter-level travel time spent in this place.
 C = Inter-level travel time spent in this place.
 D = Time resting spent in this place.
 E = Time spent auto-exploring this place.
 F = Levels seen in this place.
 G = Mean time per level.
                   A        B        C        D        E       F      G
               +--------+--------+--------+--------+--------+-----+--------+
         Total |   4303 |   4246 |     57 |    811 |   2409 |   5 |  860.6 |
       Dungeon |   4303 |   4246 |     57 |    811 |   2409 |   5 |  860.6 |
               +--------+--------+--------+--------+--------+-----+--------+

Top non-repeatable levels by time:
     D:2: 1116 daAuts
     D:3: 989 daAuts
     D:4: 964 daAuts
     D:1: 624 daAuts
     D:5: 608 daAuts
